 Dungeon Crawl Stone Soup version 0.18.1-48-g4cf74bf (webtiles) character file.

20904 nikopol the Spear-Bearer (level 12, -19/110 HPs)
             Began as a Minotaur Berserker on July 22, 2016.
             Was a High Priest of Trog.
             Demolished by a spatial maelstrom (20 damage)
             ... on level 3 of the Abyss.
             The game lasted 00:28:05 (10798 turns).

nikopol the Spear-Bearer (Minotaur Berserker)      Turns: 10798, Time: 00:28:05

Health: -19/110    AC: 13    Str: 24    XL:     12   Next: 49%
Magic:  11/11      EV: 15    Int:  4    God:    Trog [*****.]
Gold:   610        SH:  0    Dex: 13    Spells: 0 memorised, 11 levels left

rFire  + . .     SeeInvis .     x - +3 halberd
rCold  . . .     Gourm    .     q - +0 scale mail (curse)
rNeg   . . .     Faith    .     (shield currently unavailable)
rPois  .         Spirit   .     (helmet restricted)
rElec  .         Dismiss  .     o - +0 cloak
rCorr  .         Reflect  .     f - +2 pair of gloves
SustAt .         Harm     +     (no boots)
MR     +....                    t - amulet of harm
Stlth  ..........               v - ring of protection from fire
                                H - ring of protection from magic

@: somewhat resistant to hostile enchantments, extremely unstealthy
A: retaliatory headbutt, horns 2
a: Berserk, Trog's Hand, Brothers in Arms, Burn Spellbooks, Renounce Religion


You were on level 3 of the Abyss.
You worshipped Trog.
Trog was extremely pleased with you.
You were not hungry.

You visited 2 branches of the dungeon, and saw 13 of its levels.
You visited the Abyss 1 time.

You collected 610 gold pieces.

Inventory:

Hand Weapons
 c - a +1 longbow of flaming
 m - a +2 glaive of venom
 x - a +3 halberd (weapon)
 F - a +0 trident
 K - a +0 shortbow
Missiles
 A - 331 arrows (quivered)
Armour
 f - a +2 pair of gloves (worn)
 o - a +0 cloak (worn)
 q - a cursed +0 scale mail (worn)
Jewellery
 t - an amulet of harm (around neck)
 v - a ring of protection from fire (right hand)
 H - a ring of protection from magic (left hand)
 Q - an uncursed ring of magical power {unknown}
Wands
 j - a wand of random effects (28/48)
 k - a wand of flame (14/48)
 w - a wand of iceblast (6/15)
 E - a wand of flame (9/48)
 N - a wand of iceblast (6/15)
 R - a wand of slowing (20/48)
 S - a wand of lightning (10/15)
 U - a wand of lightning (8/15)
 X - a wand of lightning (5/15)
Scrolls
 a - a scroll of enchant armour {unknown}
 e - a scroll of enchant weapon {unknown}
 l - a scroll of immolation {unknown}
 n - 3 scrolls of recharging
 p - 2 scrolls of blinking {unknown}
 s - 5 scrolls of remove curse {unknown}
 y - 2 scrolls of magic mapping {unknown}
 C - a scroll of fog {unknown}
 D - 2 scrolls of fear {unknown}
 L - 2 scrolls of teleportation {unknown}
 O - a scroll of identify
 P - a scroll of acquirement {unknown}
 T - a scroll of vulnerability {unknown}
 W - a scroll of random uselessness {unknown}
Potions
 b - a potion of haste {unknown}
 g - 4 potions of brilliance
 i - 2 potions of agility
 r - a potion of berserk rage
 u - 3 potions of heal wounds
 z - 4 potions of curing
 B - 2 potions of beneficial mutation {unknown}
 G - a potion of magic {unknown}
 I - a potion of degeneration {unknown}
 J - 2 potions of flight
Books
 V - a book of Alchemy

   Spells                             Type                      Level
   a - Sublimation of Blood           Necromancy                   2
   b - Ignite Poison                  Fire/Transmutation/Poison    3
   c - Petrify                        Transmutation/Earth          4
   d - Alistair's Intoxication        Transmutation/Poison         5
   e - Irradiate                      Conjuration/Transmutation    5
   Trog disapproves of the use of such an item.
Comestibles
 d - 3 meat rations
 h - 25 fruits
 Y - 8 bread rations


   Skills:
 + Level 11.1 Fighting
 * Level 13.4 Polearms
 * Level 10.8 Bows
 + Level 10.3 Armour
 + Level 9.6 Dodging


You had 11 spell levels left.
You didn't know any spells.

Dungeon Overview and Level Annotations

Branches:
Dungeon (8/15)             Temple (0/1) D:7            Lair (5/8) D:8
  Swamp: Lair:3-6    Shoals: Lair:3-6     Snake: Lair:3-6    Spider: Lair:3-6

Altars:
Cheibriados
Fedhas
Makhleb
Pakellas
Ru
Vehumet
Xom
Yredelemnul
The Shining One

Annotations:
Lair:3 Maud


Innate Abilities, Weirdness & Mutations

You reflexively headbutt those who attack you in melee.
You have a pair of horns on your head.


Message History

You puncture the spatial vortex!
Your headbutt misses the spatial vortex.
The spatial vortex is almost destroyed.
You completely miss the spatial vortex.
The spatial vortex is almost destroyed. 2 spatial vortices and a spatial maelstrom come into view.
The spatial vortex moves out of view.
A spatial vortex comes into view.
You slash the spatial maelstrom!
The spatial maelstrom is lightly damaged.
The spatial maelstrom hits you but does no damage.
The spatial maelstrom hits you.
* * * LOW HITPOINT WARNING * * *
Space warps horribly around you!
* * * LOW HITPOINT WARNING * * *
Your iron troll goes berserk!
You feel somewhat more hungry. The spatial maelstrom hits you.
* * * LOW HITPOINT WARNING * * *
Space warps horribly around you!
You die...

## ## ##(. .#
... ##(## .# .
.....####...##
.........T..#.#
#......@v..(..#
...#.####..#..#
###vv. # #.v# #
..# . ### .. .
# . # # .. . .


You could see a spatial maelstrom, 3 spatial vortices and a friendly iron troll
(berserk).

Vanquished Creatures
  Nessos (Lair:5)
  2 hydras
  Erica (Lair:2)
  A giant orange brain (Abyss:3)
  A large abomination (Abyss:3)
  Pikel (D:4)
  A griffon (Lair:4)
  A black mamba (Lair:4)
  4 spiny frogs
  5 komodo dragons
  2 rime drakes
  An ancient zyme (Abyss:3)
  4 blink frogs (Lair:3)
  2 raiju (Abyss:3)
  Sigmund (D:2)
  4 basilisks
  2 neqoxecs (Abyss:3)
  15 yaks
  5 hippogriffs
  Duvessa (D:7)
  5 porcupines
  3 water moccasins
  An orc warrior (D:7)
  A slave (D:4)
  A black bear (D:6)
  A phantom (D:8)
  6 wolves (Lair:3)
  4 ogres
  5 centaurs
  3 crocodiles
  2 big kobolds (D:8)
  A gnoll sergeant (D:8)
  8 giant frogs
  Dowan (D:7)
  4 scorpions
  4 howler monkeys
  4 wights (D:8)
  2 crimson imps
  2 giant frog zombies
  4 hounds
  5 jellies
  5 orc priests
  A centaur skeleton (D:6)
  A giant frog skeleton (D:6)
  An orc wizard (D:7)
  Terence (D:3)
  5 iguanas
  6 hell rats (Lair:4)
  5 worker ants
  A mummy (D:6)
  Robin (D:4)
  9 gnolls
  15 adders
  26 river rats
  2 shadow imps (D:8)
  A white imp (D:4)
  2 oozes (D:2)
  2 worms
  6 giant geckos
  25 orcs
  6 giant cockroaches
  15 goblins
  9 hobgoblins
  4 jackals (D:6)
  2 quokkas (D:4)
  18 sheep
  3 ball pythons
  7 bats
  4 giant newts
  A hobgoblin zombie (D:4)
  12 kobolds
  An orc zombie (D:4)
  2 quokka zombies
  5 rats
  A fungus (D:4)
  2 plants
329 creatures vanquished.

Vanquished Creatures (collateral kills)
  A komodo dragon (Lair:3)
  A blink frog (Lair:3)
2 creatures vanquished.

Vanquished Creatures (others)
  A hydra (Lair:2)
  A spiny frog (Lair:1)
  4 yaks
  A hippogriff (Lair:3)
  A phantom (D:5)
  An orc warrior (D:8)
  A sky beast (D:8)
  A slave (D:4)
  A crocodile (Lair:5)
  A giant frog (D:8)
  A worker ant (D:4)
  2 sheep (Lair:1)
  A river rat (Lair:3)
  An orc (D:8)
  2 goblins (D:4)
  A goblin skeleton (D:4)
  3 hobgoblin zombies (D:4)
  A kobold zombie (D:4)
  An orc skeleton (D:4)
  A bush (Lair:5)
  A fungus (Lair:4)
  A plant (Lair:3)
29 creatures vanquished.

Grand Total: 360 creatures vanquished

Notes
Turn   | Place    | Note
--------------------------------------------------------------
     0 | D:1      | nikopol the Minotaur Berserker began the quest for the Orb.
     0 | D:1      | Reached XP level 1. HP: 19/19 MP: 0/0
    79 | D:1      | Reached skill level 4 in Polearms
   193 | D:1      | Reached XP level 2. HP: 27/27 MP: 1/1
   610 | D:1      | Reached ** piety under Trog
   732 | D:2      | Noticed Sigmund
   734 | D:2      | Reached XP level 3. HP: 26/33 MP: 2/2
   748 | D:2      | Killed Sigmund
   748 | D:2      | Reached skill level 5 in Polearms
   748 | D:2      | Reached XP level 4. HP: 41/41 MP: 3/3
   748 | D:2      | Reached XP level 5. HP: 47/47 MP: 4/4
  1005 | D:2      | Reached skill level 5 in Fighting
  1499 | D:3      | Noticed Terence
  1506 | D:3      | Killed Terence
  1603 | D:3      | Found a radiant altar of Vehumet.
  1637 | D:3      | Reached XP level 6. HP: 56/56 MP: 5/5
  1698 | D:3      | Found a burning altar of Makhleb.
  1700 | D:3      | Noticed a blizzard demon
  2443 | D:4      | Noticed a slave
  2446 | D:4      | Noticed a slave
  2447 | D:4      | Noticed Pikel
  2447 | D:4      | Reached *** piety under Trog
  2449 | D:4      | Noticed a slave
  2450 | D:4      | Noticed a slave
  2452 | D:4      | Killed a slave
  2454 | D:4      | Killed Pikel
  2454 | D:4      | Reached skill level 6 in Polearms
  2454 | D:4      | Reached skill level 5 in Armour
  2454 | D:4      | Reached skill level 5 in Dodging
  2454 | D:4      | Reached XP level 7. HP: 62/63 MP: 6/6
  2552 | D:4      | Noticed Robin
  2558 | D:4      | Killed Robin
  2709 | D:4      | Found a glowing golden altar of the Shining One.
  2722 | D:4      | Reached XP level 8. HP: 62/71 MP: 7/7
  2853 | D:4      | Found a sacrificial altar of Ru.
  2929 | D:5      | Entered Level 5 of the Dungeon
  3057 | D:5      | Found a shimmering altar of Xom.
  3073 | D:5      | Reached skill level 7 in Polearms
  3139 | D:5      | Reached skill level 1 in Bows
  3376 | D:5      | Reached **** piety under Trog
  3528 | D:6      | Reached skill level 8 in Polearms
  3609 | D:6      | Reached XP level 9. HP: 78/79 MP: 8/8
  3716 | D:6      | Found a snail-covered altar of Cheibriados.
  4057 | D:7      | Found a blossoming altar of Fedhas.
  4062 | D:7      | Found a basalt altar of Yredelemnul.
  4062 | D:7      | Found an oddly glowing altar of Pakellas.
  4073 | D:7      | Noticed Duvessa
  4074 | D:7      | Noticed Dowan
  4081 | D:7      | Killed Duvessa
  4087 | D:7      | Killed Dowan
  4091 | D:7      | Reached skill level 9 in Polearms
  4093 | D:7      | Found a staircase to the Ecumenical Temple.
  4160 | D:7      | Reached ***** piety under Trog
  4584 | D:8      | Received a gift from Trog
  4591 | D:8      | Reached skill level 5 in Bows
  4952 | D:8      | Found a staircase to the Lair.
  4964 | D:8      | Reached XP level 10. HP: 79/90 MP: 9/9
  5188 | D:8      | Reached skill level 10 in Polearms
  5344 | Lair:1   | Entered Level 1 of the Lair of Beasts
  5350 | Lair:1   | Noticed a spiny frog
  5353 | Lair:1   | Noticed a six-headed hydra
  5355 | Lair:1   | Banished a spiny frog
  5367 | Lair:1   | Killed a six-headed hydra
  5454 | Lair:1   | Noticed a spiny frog
  5460 | Lair:1   | Killed a spiny frog
  5691 | Lair:1   | Noticed a spiny frog
  5695 | Lair:1   | Killed a spiny frog
  6236 | Lair:1   | Received a gift from Trog
  6252 | Lair:1   | Reached skill level 11 in Polearms
  6646 | Lair:2   | Reached XP level 11. HP: 92/97 MP: 10/10
  6713 | Lair:2   | Received a gift from Trog
  6848 | Lair:2   | Noticed Erica
  6854 | Lair:2   | Killed Erica
  6940 | Lair:2   | Noticed a four-headed hydra
  6949 | Lair:2   | Banished a four-headed hydra
  7377 | Lair:3   | Reached skill level 12 in Polearms
  7385 | Lair:3   | Received a gift from Trog
  7760 | Lair:3   | Reached skill level 10 in Fighting
  7827 | Lair:3   | Noticed an eight-headed hydra
  7845 | Lair:3   | Killed an eight-headed hydra
  7864 | Lair:3   | Received a gift from Trog
  8428 | Lair:3   | Noticed Maud
  8652 | Lair:4   | Reached skill level 10 in Bows
  8735 | Lair:4   | Reached XP level 12. HP: 50/107 MP: 11/11
  8901 | Lair:4   | Received a gift from Trog
  9932 | Lair:5   | Reached skill level 10 in Armour
  9938 | Lair:5   | Reached skill level 13 in Polearms
 10155 | Lair:5   | Noticed Nessos
 10162 | Lair:5   | Killed Nessos
 10483 | Lair:5   | Noticed a death yak
 10555 | Lair:5   | Cast into level 3 of the Abyss (a distortion unwield)
 10674 | Abyss:3  | Received a gift from Trog
 10704 | Abyss:3  | HP: 2/165 [large abomination (28)]
 10798 | Abyss:3  | HP: 1/110 [spatial maelstrom (7)]
 10798 | Abyss:3  | Demolished by a spatial maelstrom

Skill      XL: |  1  2  3  4  5  6  7  8  9 10 11 12 |
---------------+-------------------------------------+-----
Polearms       | 4 5 6 8 9 11 12 13 | 13.4
Fighting       | 4 5 6 7 8 9 10 11 | 11.1
Armour         | 3 4 5 6 7 8 9 10 | 10.3
Dodging        | 3 5 6 7 8 9 |  9.6
Bows           | 3 5 8 10 | 10.8

Action                   |  1- 3 |  4- 6 |  7- 9 | 10-12 || total
-------------------------+-------+-------+-------+-------++-------
Melee: Spear             |    69 |    71 |       |       ||   140
       Headbutt          |    14 |    14 |    32 |    84 ||   144
       Trident           |       |    37 |   282 |   457 ||   776
       Halberd           |       |       |       |    27 ||    27
 Fire: Longbow           |       |       |       |    14 ||    14
Invok: Berserk           |     1 |     1 |     1 |     6 ||     9
       Burn Spellbooks   |       |       |     1 |     2 ||     3
       Brothers in Arms  |       |       |       |     2 ||     2
  Use: Scroll            |       |       |       |    10 ||    10
  Eat: Chunk             |       |     6 |     9 |    18 ||    33
       Fruit             |       |     1 |       |     1 ||     2
       Meat ration       |       |       |       |     1 ||     1
       Royal jelly       |       |       |       |     1 ||     1
       Beef jerky        |       |       |       |     1 ||     1
Armor: Animal skin       |    10 |       |       |       ||    10
       Scale mail        |       |    19 |    52 |    78 ||   149
Dodge: Dodged            |    29 |    41 |    89 |   185 ||   344
